 Dungeon Crawl Stone Soup version 0.20.1-1-g8b1a95d (console) character file.

46 hilaritas the Ruffian (level 3, -4/55 HPs)
             Began as a Troll Berserker on Nov 24, 2017.
             Was a Believer of Trog.
             Slain by Sigmund
             ... wielding a +0 scythe
              (12 damage)
             ... on level 2 of the Dungeon.
             The game lasted 00:02:24 (547 turns).

hilaritas the Ruffian (Troll Berserker)              Turns: 547, Time: 00:02:25

Health: -4/55      AC:  5    Str: 30    XL:     3   Next: 46%
Magic:  2/2        EV: 10    Int:  4    God:    Trog [**....]
Gold:   20         SH:  0    Dex:  9    Spells: 2/2 levels left

rFire    . . .     SeeInvis .     - Unarmed
rCold    . . .     Gourm    +   (no shield)
rNeg     . . .     Faith    .   a - +0 animal skin
rPois    .         Spirit   .   (helmet restricted)
rElec    .         Reflect  .   (no cloak)
rCorr    .         Harm     .   (gloves unavailable)
MR       ++...                  (boots unavailable)
Stlth    ..........             (no amulet)
Regen    1.6/turn               (no ring)
MPRegen  0.1/turn               (no ring)

@: berserking, regenerating, very quick
A: unfitting armour, claws 3, fast metabolism 3, gourmand, regeneration 1,
shaggy fur 1, tough skin 2
a: Berserk, Trog's Hand, Burn Spellbooks, Renounce Religion


You were on level 2 of the Dungeon.
You worshipped Trog.
Trog was pleased with you.
You were very full.

You visited 1 branch of the dungeon, and saw 2 of its levels.

You collected 20 gold pieces.

Inventory:

Hand Weapons
 e - a +0 club
Armour
 a - a +0 animal skin (worn)
Jewellery
 i - an uncursed amulet of the gourmand {unknown}
Wands
 p - a wand of random effects (23/48)
Scrolls
 c - a scroll of amnesia {unknown}
 d - a scroll of immolation {unknown}
 j - 2 scrolls of teleportation {unknown}
 l - a scroll of enchant armour {unknown}
 m - a scroll of remove curse {unknown}
Potions
 f - a potion of berserk rage {unknown}
 h - a potion of invisibility {unknown}
 k - a potion of lignification {unknown}
Comestibles
 b - 2 bread rations
 g - 6 fruits
 n - 4 chunks of flesh
 o - a meat ration


   Skills:
 + Level 3.0 Fighting
 - Level 2.4 Dodging
 * Level 4.0 Unarmed Combat


You had 2 spell levels left.
You didn't know any spells.

Dungeon Overview and Level Annotations

Branches:
Dungeon (2/15)

Altars:

Annotations:
D:2 Sigmund


Innate Abilities, Weirdness & Mutations

You are too large for most types of armour.
You have claws for hands.
Your metabolism is lightning-fast.
You like to eat raw meat.
Your natural rate of healing is unusually fast.
You are covered in fur. (AC +1)
You have very tough skin. (AC +2)


Message History

Sigmund casts a spell at you. You resist with significant effort.
Sigmund hits you from afar with a scythe.
Found 15 gold pieces.
You closely miss Sigmund.
Sigmund mumbles some strange words.
Sigmund flickers and vanishes!
Deactivating autopickup; reactivate with Ctrl-A.
You barely miss something. You claw something. Something hits you!
You miss something. Something hits you!
* * * LOW HITPOINT WARNING * * *
You claw something!
Your skin crawls.
You feel resistant to hostile enchantments.
You feel somewhat less full. Something hits you.
* * * LOW HITPOINT WARNING * * *
A red film seems to cover your vision as you go berserk!
You feel yourself moving faster!
You feel mighty!
You feel quite a bit less full. Something hits you!
You die...

###.......#..#.#
#.......###.##
#.......# #.####
#.......# #....#
#.......# ####.#
####.#### #.#
#..# #.# ##.#
##.####### #.#
#......##. #.#
#......##. #@#
#.......#) #{#
............ ...
..##.......#.
#.### #
#.......#. ..
#.......#. ...
##.#.#..## #..
#......# #.$
###.#### #. #


There were no monsters in sight!

Vanquished Creatures
  An adder (D:2)
  2 oozes (D:1)
  A dart slug (D:1)
  A ball python (D:1)
  3 goblins (D:1)
  4 hobgoblins
  4 jackals (D:1)
  2 bats (D:1)
  4 kobolds
  3 rats (D:1)
25 creatures vanquished.

Notes
Turn   | Place    | Note
-------+----------+-------------------------------------------
     0 | D:1      | hilaritas the Troll Berserker began the quest for the Orb.
     0 | D:1      | Reached XP level 1. HP: 22/22 MP: 0/0
    82 | D:1      | Reached XP level 2. HP: 26/29 MP: 1/1
   186 | D:1      | Reached ** piety under Trog
   186 | D:1      | Reached XP level 3. HP: 36/36 MP: 2/2
   478 | D:2      | Reached skill level 4 in Unarmed Combat
   535 | D:2      | Noticed Sigmund
   547 | D:2      | Slain by Sigmund

Skill      XL: |  1  2  3 |
---------------+----------+-----
Fighting       | 3 |  3.0
Unarmed Combat | 4 |  4.0
Dodging        | |  2.4

Action                   || total
-------------------------++-------
Melee: Unarmed           ||    63
       Punch             ||     1
Invok: Berserk           ||     1
       Trog's Hand       ||     1
  Eat: Chunk             ||    10
Armor: Animal skin       ||    22
Dodge: Dodged            ||    35
